Map: King's Cove LE

Players

BulleTooth

  • Race: Zerg Zerg
  • League: Diamond
  • Spawn Location: 5:00

himziumimziu - Winner!

  • Race: Zerg Zerg
  • League: Platinum
  • Spawn Location: 11:00

VOD

Have the link to the VOD?

Description

WAT

Time

  • Played on: April 22, 2019, 10:21 a.m.
  • Length: 14:19
Show
View Real Time Build Order
Export as new Build Order

BulleTooth Zerg 

Build Orders: Hatch First 

Get SALT Encoding   

  12  0:04  Drone  
  13  0:17  Overlord  
  13  0:24  Drone  
  14  0:35  Drone  
  14  0:36  Drone  
  16  0:53  Drone  
  17  1:02  Hatchery  
  16  1:06  Drone  
  16  1:10  Drone  
  18  1:20  Extractor  
  17  1:25  Spawning Pool  
  17  1:29  Drone  
  17  1:33  Drone  
  17  1:35  Drone  
  19  1:49  Overlord  
  19  2:12  Zergling x4  
  19  2:14  Queen x2  
  25  2:16  Zergling x4  
  25  2:22  Metabolic Boost  
  27  2:36  Drone x3  
  30  2:40  Drone  
  31  3:11  Baneling Nest  
  31  3:12  Evolution Chamber  
  29  3:16  Overlord  
  29  3:17  Drone  
  29  3:18  Drone x4  
  34  3:20  Spine Crawler  
  33  3:48  Spine Crawler  
  32  3:57  Zergling x16  
  32  3:58  Roach Warren  
  39  4:10  Zergling x2  
  39  4:11  Zergling x8  
  38  4:30  Spine Crawler  
  34  4:31  Spine Crawler x2  
  34  4:38  Zergling x6  
  33  4:51  Roach x2  
  28  5:31  Zergling x4  
  28  5:32  Zergling x6  
  31  5:43  Hatchery  
  30  5:58  Roach Warren  
  24  6:34  Drone x6  
  30  6:50  Extractor  
  29  6:59  Drone  
  29  7:00  Drone  
  31  7:10  Ravager x2  
  31  7:13  Drone  
  31  7:14  Roach x2  
  38  7:16  Overlord  
  36  7:35  Roach  
  36  7:36  Roach  
  40  7:59  Roach x3  
  46  8:08  Overlord x2  
  46  8:11  Lair  
  44  8:20  Spine Crawler  
  43  8:29  Ravager  
  43  8:31  Roach  
  43  8:32  Roach x3  
  40  8:58  Roach x2  
  40  8:59  Roach x3  
  43  9:11  Roach  
  45  9:26  Ravager x2  
  45  9:28  Hatchery  
  46  9:33  Roach  
  48  9:54  Nydus Network  
  39  10:12  Roach x4  
  39  10:13  Roach  
  47  10:15  Ravager  
  45  10:34  Roach x2  
  45  10:56  Roach  
  51  10:57  Roach x2  
  51  11:05  Nydus Canal  
  51  11:10  Roach x2  
  49  11:51  Zergling x10  
  49  11:52  Zergling x2  
  36  12:31  Zergling x2  
Show
View Real Time Build Order
Export as new Build Order

himziumimziu Zerg - Winner!

Build Orders: Pool First 

Get SALT Encoding   

  12  0:01  Drone  
  13  0:13  Overlord  
  13  0:18  Drone  
  14  0:32  Drone x2  
  16  0:36  Drone  
  16  0:40  Extractor  
  16  0:46  Drone  
  17  0:53  Spawning Pool  
  16  0:59  Drone  
  17  1:20  Hatchery  
  16  1:27  Drone  
  16  1:28  Drone  
  18  1:34  Drone  
  19  1:42  Zergling x2  
  20  1:48  Queen  
  22  1:54  Metabolic Boost  
  22  2:04  Overlord  
  22  2:14  Roach Warren  
  21  2:17  Drone  
  22  2:23  Overlord  
  22  2:58  Roach x6  
  34  3:01  Roach  
  38  3:05  Roach  
  38  3:16  Roach x2  
  42  3:22  Overlord  
  42  3:27  Zergling x2  
  42  3:29  Zergling x2  
  44  3:42  Roach x2  
  47  3:48  Zergling x4  
  49  3:56  Zergling x6  
  52  4:09  Overlord  
  52  4:34  Roach  
  52  4:35  Roach x3  
  56  4:57  Overlord  
  50  5:17  Zergling x10  
  51  5:26  Zergling x2  
  38  5:36  Zergling x2  
  39  5:48  Hatchery  
  38  5:52  Roach  
  40  6:02  Roach  
  40  6:03  Roach x3  
  44  6:19  Roach  
  44  6:20  Roach  
  43  6:32  Roach x3  
  49  6:53  Zergling x2  
  50  6:57  Zergling x8  
  53  7:11  Ravager x3  
  53  7:13  Overlord  
  58  7:15  Roach  
  58  7:16  Zergling x4  
  60  7:35  Roach x2  
  57  7:49  Zergling x10  
  53  8:15  Roach  
  53  8:16  Roach x3  
  53  8:19  Zergling x4  
  54  8:54  Roach x4  
  44  9:12  Roach x2  
  45  9:22  Zergling x14  
  50  9:35  Zergling x2  
  50  9:36  Zergling x4  
  51  9:57  Zergling x6  
  51  9:58  Zergling x6  
  48  10:07  Zergling x4  
  48  10:12  Zergling x2  
  50  10:35  Roach x5  
  52  10:52  Zergling x10  
  52  10:53  Zergling x2  
  57  11:04  Queen  
  57  11:06  Drone x2  
  41  11:49  Roach  
  41  11:50  Roach x5  
  42  11:59  Zergling x2  
  37  12:10  Hatchery  
  18  13:03  Ravager  
Tags
 
Add a new tag
Caveats
  • Supply blocks, unpowered buildings, or Contaminate may cause inaccurate times.
  • Supply counts are checked every 10 seconds.